 Dungeon Crawl Stone Soup version 0.26-a0-812-g31a745ddcd (webtiles) character file.

Game seed: 10324261820564338620

629 Borgoz the Covered (level 7, -1/61 HPs)
             Began as a Hill Orc Fighter on Dec 8, 2020.
             Slain by an ogre
             ... wielding a +0 giant spiked club
              (20 damage)
             ... on level 4 of the Dungeon.
             The game lasted 00:03:37 (4122 turns).

Borgoz the Covered (Hill Orc Fighter)               Turns: 4122, Time: 00:03:37

Health: -1/61      AC:  9    Str: 20    XL:     7   Next: 48%
Magic:  7/7        EV:  8    Int:  8    God:
Gold:   192        SH:  9    Dex: 11    Spells: 6/6 levels left

rFire    . . .     SeeInvis .   a - +0 long sword
rCold    . . .     Faith    .   c - +0 kite shield
rNeg     + . .     Spirit   .   b - +0 scale mail
rPois    .         Reflect  .   h - +1 hat
rElec    .         Harm     .   (no cloak)
rCorr    .         Rampage  .   q - +0 pair of gloves
MR       .....                  (no boots)
Stlth    ..........             (no amulet)
HPRegen  0.20/turn              k - ring of positive energy
MPRegen  0.10/turn              (no ring)

@: no status effects
A: no striking features
a: no special abilities


You were on level 4 of the Dungeon.
You visited 1 branch of the dungeon, and saw 4 of its levels.

You collected 192 gold pieces.

Inventory:

Hand Weapons
 a - a +0 long sword (weapon)
Armour
 b - a +0 scale mail (worn)
 c - a +0 kite shield (worn)
 h - a +1 hat (worn)
 q - a +0 pair of gloves (worn)
Jewellery
 k - a ring of positive energy (left hand)
Wands
 l - a wand of flame (27)
 p - a wand of polymorph (5)
Scrolls
 e - a scroll of random uselessness {unknown}
 f - 2 scrolls of immolation {unknown}
 i - a scroll of amnesia {unknown}
 j - a scroll of magic mapping {unknown}
 m - a scroll of remove curse {unknown}
 r - a scroll of enchant weapon {unknown}
Potions
 d - 2 potions of might
 g - a potion of brilliance
 n - 2 potions of heal wounds {unknown}
 o - 2 potions of cancellation


   Skills:
 + Level 5.2 Fighting
 * Level 5.5 Long Blades
 * Level 5.9 Armour
 + Level 2.2 Dodging
 - Level 3.2 Shields


You had 6 spell levels left.
You didn't know any spells.
Your spell library was empty.

Dungeon Overview and Level Annotations

Branches:
Dungeon (4/15)
 Temple: D:4-7

Altars:


Message History

You hit the ogre.
The ogre is moderately wounded.
The leopard gecko bites you but does no damage.
You closely miss the leopard gecko.
The leopard gecko is almost dead.
The ogre hits you with a +0 giant spiked club!!
The leopard gecko misses you.
You riposte.
You slash the leopard gecko!
You kill the leopard gecko!
You hit the ogre.
The ogre is heavily wounded.
The ogre barely misses you.
You hit the ogre.
The ogre is heavily wounded.
The ogre hits you with a +0 giant spiked club!!
You are too injured to fight recklessly!
You are too injured to fight recklessly!
You hit the ogre.
The ogre is heavily wounded.
The ogre hits you with a +0 giant spiked club!!
You die...

# .#
###########.#
#####.O.........#
.......@......#
....#.######.## #
# #.# #.#########
#####.......... .
.........#######
.
.#######.......#
# #######.# # #.#
#


You could see an ogre.

Vanquished Creatures
  Grinder (D:3)
  Sigmund (D:3)
  A hound (D:4)
  Jessica (D:3)
  A hound skeleton (D:4)
  Robin (D:3)
  A howler monkey skeleton (D:4)
  5 adders
  3 oozes
  3 worms (D:3)
  5 dart slugs
  7 leopard geckos
  An orc (D:3)
  A ball python (D:1)
  7 bats
  3 giant cockroaches
  8 hobgoblins
  12 jackals
  13 kobolds
  2 quokkas
  7 frilled lizards
  11 goblins
  10 rats
105 creatures vanquished.

Notes
Turn   | Place    | Note
-------+----------+-------------------------------------------
     0 | D:1      | Borgoz the Hill Orc Fighter began the quest for the Orb.
     0 | D:1      | Reached XP level 1. HP: 19/19 MP: 1/1
    25 | D:1      | Reached XP level 2. HP: 13/27 MP: 2/2
   300 | D:1      | Reached XP level 3. HP: 30/33 MP: 3/3
  1415 | D:2      | Reached XP level 4. HP: 40/40 MP: 4/4
  1893 | D:2      | Reached skill level 1 in Dodging
  2627 | D:3      | Reached XP level 5. HP: 37/46 MP: 5/5
  2734 | D:3      | Noticed Robin
  2762 | D:3      | Killed Robin
  3113 | D:3      | Noticed Grinder
  3119 | D:3      | Paralysed by Grinder for 3 turns
  3139 | D:3      | Killed Grinder
  3139 | D:3      | Reached skill level 5 in Armour
  3139 | D:3      | Reached XP level 6. HP: 26/55 MP: 6/6
  3341 | D:3      | Noticed Sigmund
  3350 | D:3      | Killed Sigmund
  3350 | D:3      | Reached skill level 5 in Fighting
  3350 | D:3      | Reached skill level 5 in Long Blades
  3350 | D:3      | Reached XP level 7. HP: 56/61 MP: 7/7
  3725 | D:3      | Noticed Jessica
  3729 | D:3      | Killed Jessica
  4122 | D:4      | Slain by an ogre

Illustrated notes

Levels and vault maps discovered:
D:1:      lightli_arrival_statue_moat, layout_basic
D:2:      layout_basic
D:3:      layout_loops_ring, uniq_grinder, uniq_robin, uniq_sigmund,
          uniq_jessica
D:4:      layout_loops_ring, minmay_ruined_shrine, uniq_pikel, uniq_natasha

Skill      XL: |  1  2  3  4  5  6 |
---------------+-------------------+-----
Fighting       | 4 5 |  5.2
Long Blades    | 3 4 5 |  5.5
Armour         | 4 5 |  5.9
Dodging        | 1 2 |  2.2
Shields        | |  3.2

Action                   |  1- 3 |  4- 6 |  7- 9 || total
-------------------------+-------+-------+-------++-------
Melee: Long sword        |    96 |   197 |    79 ||   372
Evoke: Wand              |       |       |     3 ||     3
  Use: Scroll            |       |     3 |       ||     3
Armor: Scale mail        |    44 |    94 |    27 ||   165
Dodge: Dodged            |    25 |    61 |    29 ||   115
Block: Kite shield       |    57 |   102 |    36 ||   195
       Rpst.: Long sword |    11 |    16 |    10 ||    37

Table legend: (Time is in decaauts)
 A = Elapsed time spent in this place.
 B = Non-inter-level travel time spent in this place.
 C = Inter-level travel time spent in this place.
 D = Time resting spent in this place.
 E = Time spent auto-exploring this place.
 F = Levels seen in this place.
 G = Mean time per level.
                   A        B        C        D        E       F      G
               +--------+--------+--------+--------+--------+-----+--------+
         Total |   4234 |   4103 |    131 |    441 |   2879 |   4 | 1058.5 |
       Dungeon |   4234 |   4103 |    131 |    441 |   2879 |   4 | 1058.5 |
               +--------+--------+--------+--------+--------+-----+--------+

Top non-repeatable levels by time:
     D:3: 1449 daAuts
     D:1: 1365 daAuts
     D:2: 1278 daAuts
     D:4: 141 daAuts
